 Dungeon Crawl Stone Soup version 0.25.1-8-g42b30a86e7 (webtiles) character file.

Game seed: 15860194950667479403

984 pokeman the Thaumaturge (level 7, 0/40 HPs)
             Began as a Deep Elf Wizard on Dec 16, 2020.
             Slain by Menkaure (19 damage)
             ... on level 5 of the Dungeon.
             The game lasted 00:12:28 (5695 turns).

pokeman the Thaumaturge (Deep Elf Wizard)           Turns: 5695, Time: 00:12:29

Health: 0/40       AC:  3    Str:  4    XL:     7   Next: 97%
Magic:  23/30      EV: 12    Int: 25    God:
Gold:   225        SH:  0    Dex: 13    Spells: 12/23 levels left

rFire    . . .     SeeInvis .   e - +2 hand axe (elec)
rCold    . . .     Gourm    .   (no shield)
rNeg     . . .     Faith    .   k - +0 leather armour
rPois    .         Spirit   .   b - +0 hat
rElec    .         Reflect  .   (no cloak)
rCorr    .         Harm     .   (no gloves)
MR       .....                  (no boots)
Stlth    ++........             (no amulet)
HPRegen  0.13/turn              h - ring of magical power
MPRegen  0.22/turn              (no ring)

@: no status effects
A: no striking features
a: no special abilities


You were on level 5 of the Dungeon.
You were not hungry.

You visited 1 branch of the dungeon, and saw 5 of its levels.
You also visited: Sewer.

You collected 225 gold pieces.

Inventory:

Hand Weapons
 e - a +2 hand axe of electrocution (weapon)
Missiles
 c - 63 bolts
Armour
 b - a +0 hat (worn)
 k - a +0 leather armour (worn)
 n - a +0 buckler
Jewellery
 h - a ring of magical power (left hand)
 o - an uncursed ring of ice
Scrolls
 a - a scroll of noise {unknown}
 j - 7 scrolls of teleportation {unknown}
 l - 3 scrolls of enchant armour {unknown}
 m - a scroll of random uselessness {unknown}
 p - 5 scrolls of identify {unknown}
 s - 2 scrolls of fear {unknown}
 t - 9 scrolls of remove curse {unknown}
 u - a scroll of enchant weapon {unknown}
 v - 2 scrolls of magic mapping {unknown}
 w - 5 scrolls of blinking {unknown}
 y - a scroll of amnesia {unknown}
Potions
 f - 6 potions of heal wounds {unknown}
 g - a potion of haste {unknown}
 i - a potion of mutation {unknown}
 q - 5 potions of curing {unknown}
 r - a potion of berserk rage {unknown}
 x - a potion of flight {unknown}
 z - a potion of brilliance {unknown}
 A - 2 potions of might {unknown}
Comestibles
 d - 7 rations


   Skills:
 - Level 2.0 Fighting
 + Level 1.4 Armour
 - Level 3.0 Dodging
 - Level 3.2 Stealth
 - Level 1.0 Shields
 * Level 8.8 Spellcasting
 + Level 4.4 Conjurations
 - Level 1.1 Summonings
 - Level 1.1 Translocations
 + Level 3.0 Fire Magic
 - Level 1.0 Air Magic
 - Level 1.0 Poison Magic


You had 12 spell levels left.
You knew the following spells:

 Your Spells              Type           Power        Failure   Level  Hunger
a - Magic Dart            Conj           ####         1%          1    None
b - Mephitic Cloud        Conj/Pois/Air  ###.....     12%         3    None
c - Call Imp              Summ           ###.....     10%         2    None
d - Blink                 Tloc           N/A          10%         2    None
e - Conjure Flame         Conj/Fire      ####....     6%          3    None

Your spell library contained the following spells:

 Spells                   Type           Power        Failure   Level  Hunger
 Beastly Appendage        Tmut           ##....       10%         1    None
 Slow                     Hex            ##......     14%         2    None
 Sticks to Snakes         Tmut           ##......     14%         2    None
 Spider Form              Tmut/Pois      ##........   22%         3    None
 Ice Form                 Ice/Tmut       ##......     67%         4    ##.....
 Blade Hands              Tmut           ##........   95%         5    ####...


Dungeon Overview and Level Annotations

Branches:
Dungeon (5/15)              Sewer (visited)
 Temple: D:4-7

Altars:
Makhleb
Nemelex Xobeh
Okawaru
Sif Muna
Uskayaw
Wu Jian

Annotations:
D:5 Ijyb, Menkaure, Prince Ribbit


Message History

Prince Ribbit smothers the flame.
You closely miss Prince Ribbit.
Prince Ribbit is moderately wounded.
You hit the adder.
The adder is heavily wounded.
The adder bites you but does no damage.
Menkaure rustles drily.
Menkaure calls on the powers of darkness!
The adder convulses!
Your body is wracked with pain!
Prince Ribbit convulses!
The adder bites you.
Prince Ribbit barely misses the adder.
Casting: Conjure Flame (dangerous; 6% risk of failure)
Confirm with . or Enter, or press ? or * to list all spells.
Aiming: Magic Dart (safe; 1% risk of failure)
Press: ? - help, Shift-Dir - straight line, f/p - Prince Ribbit
Aim: Prince Ribbit (heavily wounded, confused)
The magic dart hits the adder.
You kill the adder!
Menkaure giggles, "These cerements are ticklish..."
Menkaure hits you!!
You die...

#.#....[.. ..
#....#..#####..#
#......M......#
####...........#
..............## .
.####...<##)#....#
#....##.##..... #
##.#.##........ /.
#..FM@........ ..
#..#.###......[ ##
#...#.# ....... #.
...#.### ...... #.
#..# ... #. ... ..
#. .. . #. #. ..


You could see Prince Ribbit (confused) and Menkaure (fast).

Vanquished Creatures
  2 ogres
  2 big kobolds (Sewer)
  2 crimson imps (D:5)
  A bullfrog zombie (D:5)
  A hound (D:5)
  2 orc priests
  A centaur skeleton (D:4)
  3 orc wizards
  An iguana (D:5)
  4 worker ants
  Robin (D:2)
  8 adders
  5 gnolls
  An adder skeleton (D:5)
  5 worms
  A dart slug (D:2)
  5 leopard geckos
  17 orcs
  8 bats
  2 giant cockroaches
  6 hobgoblins
  A quokka (D:4)
  4 ball pythons
  8 frilled lizards
  12 goblins
  17 kobolds
  A leopard gecko skeleton (D:4)
  A quokka skeleton (D:4)
  6 rats
128 creatures vanquished.

Notes
Turn   | Place    | Note
-------+----------+-------------------------------------------
     0 | D:1      | pokeman the Deep Elf Wizard began the quest for the Orb.
     0 | D:1      | Reached XP level 1. HP: 10/10 MP: 7/7
   759 | D:2      | Reached XP level 2. HP: 16/16 MP: 9/9
   841 | D:2      | Reached skill level 5 in Spellcasting
  1025 | D:2      | Reached XP level 3. HP: 20/20 MP: 11/11
  1030 | D:2      | Learned a level 3 spell: Mephitic Cloud
  1033 | D:2      | Learned a level 2 spell: Call Imp
  1036 | D:2      | Learned a level 2 spell: Blink
  1040 | D:2      | Learned a level 3 spell: Conjure Flame
  1342 | D:2      | Reached skill level 1 in Fighting
  1352 | D:2      | Noticed Robin
  1363 | D:2      | Killed Robin
  1363 | D:2      | Reached skill level 1 in Armour
  1746 | D:2      | Reached XP level 4. HP: 25/25 MP: 13/13
  1850 | D:2      | Found a burning altar of Makhleb.
  2279 | D:3      | Found a sparkling altar of Nemelex Xobeh.
  2293 | D:3      | Found an ornate altar of the Wu Jian Council.
  2307 | D:3      | Found a hide-covered altar of Uskayaw.
  2348 | D:3      | Reached skill level 1 in Fire Magic
  2482 | D:3      | Reached skill level 6 in Spellcasting
  2576 | D:3      | Found an iron altar of Okawaru.
  2613 | D:3      | Reached XP level 5. HP: 29/29 MP: 15/15
  2930 | D:3      | Found a shimmering blue altar of Sif Muna.
  2988 | D:3      | Reached skill level 1 in Shields
  3445 | D:4      | Reached skill level 1 in Air Magic
  3453 | D:4      | Reached skill level 1 in Poison Magic
  3453 | D:4      | Reached XP level 6. HP: 34/34 MP: 13/17
  3679 | D:4      | Reached skill level 7 in Spellcasting
  3946 | D:4      | Found a glowing drain.
  3955 | Sewer    | Entered a sewer
  4081 | Sewer    | Reached XP level 7. HP: 22/38 MP: 20/20
  4405 | Sewer    | Reached skill level 8 in Spellcasting
  5126 | D:5      | Entered Level 5 of the Dungeon
  5174 | D:5      | Noticed Prince Ribbit
  5304 | D:5      | Noticed Menkaure
  5348 | D:5      | Noticed Ijyb
  5395 | D:5      | HP: 2/40 [gnoll/+0 flail (9)]
  5695 | D:5      | Slain by Menkaure

Illustrated notes

Levels and vault maps discovered:
D:1:      lemuel_arrival_funnel, layout_loops_ring, kennysheep_flooded_box
D:2:      layout_basic, lightli_temple_of_fire, first_ration, uniq_robin
D:3:      layout_basic, chequers_temple_overflow_statue_of_worship,
          lemuel_round_altar, kennysheep_minor_cross, okawaru_altar_gauntlet_db
D:4:      layout_basic, portal_sewer_entry_d, minmay_pentangle
D:5:      layout_rooms, kennysheep_mini_moat, minmay_temple_entry_overgrown,
          serial_shops, nicolae_shop_behind_doors, kennysheep_generic_room_13,
          uniq_menkaure, uniq_prince_ribbit1, uniq_ijyb

Skill      XL: |  1  2  3  4  5  6  7 |
---------------+----------------------+-----
Spellcasting   | 5 6 7 8 |  8.8
Fighting       | 1 2 |  2.0
Conjurations   | 2 3 4 |  4.4
Armour         | 1 |  1.4
Fire Magic     | 1 3 |  3.0
Shields        | 1 |  1.0
Air Magic      | 1 |  1.0
Poison Magic   | 1 |  1.0
Stealth        | 3 |  3.2
Dodging        | 3 |  3.0
Summonings     | |  1.1
Translocations | |  1.1

Action                   |  1- 3 |  4- 6 |  7- 9 || total
-------------------------+-------+-------+-------++-------
Melee: Hand axe          |     8 |    38 |    14 ||    60
 Cast: Magic Dart        |    58 |   110 |    70 ||   238
       Mephitic Cloud    |     1 |    14 |    11 ||    26
       Blink             |       |     2 |     1 ||     3
       Conjure Flame     |       |     2 |     2 ||     4
 Stab: Confused          |       |     5 |     1 ||     6
  Eat: Chunk             |     2 |     8 |     5 ||    15
Armor: Robe              |     3 |       |       ||     3
       Leather armour    |       |     8 |     7 ||    15
Dodge: Dodged            |    10 |    44 |    16 ||    70
